 Dungeon Crawl Stone Soup version 0.26-a0-1132-ge9770dfcb6 (webtiles) character file.

Game seed: 2063195643907160858

8832 tevo3000 the Grappler (level 11, -8/163 HPs)
             Began as a Troll Berserker on Dec 20, 2020.
             Was a High Priest of Trog.
             Mangled by a red devil
             ... wielding a +1 demon trident of freezing
             ... summoned by an obsidian statue
              (13 damage)
             ... on level 9 of the Dungeon on May 31, 2021.
             The game lasted 00:26:09 (7801 turns).

tevo3000 the Grappler (Troll Berserker)             Turns: 7801, Time: 00:26:12

Health: -8/163     AC:  4    Str: 28    XL:     11   Next: 15%
Magic:  8/10       EV: 19    Int:  3    God:    Trog [*****.]
Gold:   520        SH:  5    Dex: 14    Spells: 10/10 levels left

rFire    + . .     SeeInvis .     - Unarmed
rCold    x . .     Faith    .   (no shield)
rNeg     . . .     Spirit   .   z - +1 robe of Sykiploin {*Corrode Dex+3}
rPois    .         Reflect  +   (helmet restricted)
rElec    .         Harm     .   h - +0 cloak
rCorr    .         Rampage  .   (gloves unavailable)
Will     .....                  (boots unavailable)
Stlth    ..........             s - amulet of reflection
HPRegen  0.77/turn              j - +4 ring of evasion
MPRegen  0.12/turn              F - ring of fire

@: berserking, corroded, very quick
A: large, unfitting armour, claws 3, regeneration 1, shaggy fur 1, tough skin 3
a: Renounce Religion, Berserk, Trog's Hand, Brothers in Arms


You were on level 9 of the Dungeon.
You worshipped Trog.
Trog was extremely pleased with you.
You visited 1 branch of the dungeon, and saw 9 of its levels.

You collected 520 gold pieces.

Inventory:

Hand Weapons
 v - the +9 staff of Olgreb {rPois∞}
   (You found it on level 4 of the Dungeon)

   It grants immunity to poison.
   Trog disapproves of the use of such an item.
Missiles
 B - 10 large rocks
Armour
 a - a +0 animal skin
 h - a +0 cloak (worn)
 z - the +1 robe of Sykiploin (worn) {*Corrode Dex+3}
   (You found it on level 4 of the Dungeon)

   It affects your dexterity (+3).
   It may corrode you when you take damage.
Jewellery
 j - a +4 ring of evasion (left claw)
 n - an uncursed amulet of faith
 s - an amulet of reflection (around neck)
 x - an uncursed amulet of faith
 D - an uncursed ring of stealth
 F - a ring of fire (right claw)
 H - an uncursed amulet of magic regeneration
Wands
 p - a wand of flame (17)
 w - a wand of enslavement (5)
 A - a wand of random effects (18)
 E - a wand of acid (7)
 G - a wand of digging (7)
Scrolls
 c - 10 scrolls of identify {unknown}
 e - 5 scrolls of teleportation {unknown}
 g - 7 scrolls of amnesia {unknown}
 k - a scroll of enchant armour {unknown}
 l - a scroll of enchant weapon {unknown}
 m - a scroll of immolation {unknown}
 o - 2 scrolls of fear {unknown}
 q - a scroll of fog {unknown}
 r - a scroll of blinking {unknown}
 y - 2 scrolls of remove curse {unknown}
Potions
 b - 2 potions of heal wounds
 d - a potion of resistance {unknown}
 f - 3 potions of brilliance {unknown}
 i - 2 potions of curing
 t - a potion of degeneration {unknown}
 u - 3 potions of magic {unknown}
 C - a potion of attraction {unknown}


   Skills:
 + Level 7.0 Fighting
 * Level 9.6 Dodging
 * Level 11.3 Unarmed Combat


You had 10 spell levels left.
You didn't know any spells.
Your spell library was empty.

Dungeon Overview and Level Annotations

Branches:
Dungeon (9/15)             Temple (0/1) D:6
   Lair: D:8-11         Orc: D:9-12

Altars:
Ashenzari
Cheibriados
Elyvilon
Gozag
Kikubaaqudgha
Okawaru
Ru
Uskayaw
Wu Jian
Yredelemnul
The Shining One

Shops:
D:4 *   D:7 [

Annotations:
D:9 exclusion: obsidian statue


Innate Abilities, Weirdness & Mutations

You are too large for most types of armour.
You have claws for hands.
Your natural rate of healing is unusually fast.
You are covered in fur. (AC +1)
You have extremely tough skin. (AC +3)


Message History

Things that are here:
a runed glaive; a black bear corpse You scratch the ice devil but do no damage.
The crimson imp hits you but does no damage.
You claw the ice devil!
The ice devil is moderately wounded.
You block the red devil's attack. The chaos spawn misses you.
The ice devil hits you. The ice devil freezes you!!
You feel a terrible chill!
* * * LOW HITPOINT WARNING * * *
The iron imp barely misses you.
You barely miss the ice devil.
The ice devil is moderately wounded.
The crimson imp barely misses you.
You mangle the ice devil!!
The ice devil is almost dead.
The chaos spawn closely misses you.
The red devil hits you from afar with a +1 demon trident of freezing!!
* * * LOW HITPOINT WARNING * * *
Your corrosive artefact corrodes you!
The red devil freezes you!
You die...

....#.....## ####....#
###...#.### ##...#### #
###...##### #......# #
##.......##########......#
###..§§.....#..........#
####.([?..#..........#
....(###$............#
#..[#8#)5#..........#
#../###@4#####.[...>#
###.!454## ########
##.5.## #####


You could see an obsidian statue, an ice devil (summoned), a chaos spawn
(summoned), a red devil (summoned), 2 iron imps and a crimson imp (summoned).

Vanquished Creatures
  A two-headed ogre (D:9)
  Pikel (D:9)
  Joseph (D:8)
  The ghost of snackwell the Chiller, a novice DrIE (D:5)
  Prince Ribbit (D:8)
  13 yaks
  A wyvern (D:6)
  Eustachio (D:5)
  2 phantoms
  4 ice beasts
  2 orc warriors
  2 black bears (D:9)
  9 ogres
  5 centaurs
  A necrophage (D:8)
  3 sky beasts (D:6)
  Blork the orc (D:5)
  7 bullfrogs
  A scorpion (D:5)
  4 wights (D:7)
  A killer bee (D:8)
  A quasit (D:9)
  A centaur zombie (D:8)
  3 jellies
  2 orc priests
  8 hounds
  4 orc wizards
  A bullfrog skeleton (D:6)
  A gnoll shaman (D:5)
  An iguana (D:9)
  Natasha (thrice) (D:3)
  11 worker ants
  A killer bee zombie (D:7)
  A hound zombie (D:8)
  2 hound skeletons
  3 worker ant zombies (D:6)
  15 gnolls (D:5)
  17 adders
  2 white imps
  An ufetubus (D:6)
  3 oozes
  An adder zombie (D:8)
  2 adder skeletons (D:4)
  5 worms
  3 dart slugs
  5 leopard geckos
  28 orcs
  3 bats
  10 giant cockroaches
  13 goblins
  8 hobgoblins
  14 jackals
  7 kobolds
  4 quokkas
  2 ball pythons
  3 frilled lizards
  A giant cockroach zombie (D:6)
  2 leopard gecko skeletons
  A quokka skeleton (D:7)
  2 quokka zombies
  5 rats
262 creatures vanquished.

Notes
Turn   | Place    | Note
-------+----------+-------------------------------------------
     0 | D:1      | tevo3000 the Troll Berserker began the quest for the Orb.
     0 | D:1      | Reached XP level 1. HP: 22/22 MP: 0/0
   285 | D:1      | Reached XP level 2. HP: 29/29 MP: 1/1
   859 | D:2      | Found a sacrificial altar of Ru.
   898 | D:2      | Reached XP level 3. HP: 36/36 MP: 2/2
  1029 | D:2      | Reached ** piety under Trog
  1070 | D:2      | Reached XP level 4. HP: 44/44 MP: 3/3
  1254 | D:2      | Found a hide-covered altar of Uskayaw.
  1397 | D:3      | Reached skill level 4 in Unarmed Combat
  1454 | D:3      | Noticed Natasha
  1462 | D:3      | Killed Natasha
  1531 | D:3      | Reached XP level 5. HP: 16/53 MP: 4/4
  1765 | D:3      | Noticed Natasha
  1768 | D:3      | Killed Natasha
  1900 | D:3      | Noticed Natasha
  1909 | D:3      | Killed Natasha
  2571 | D:4      | Reached *** piety under Trog
  2649 | D:4      | Reached XP level 6. HP: 60/61 MP: 5/5
  2686 | D:4      | Reached skill level 5 in Unarmed Combat
  2763 | D:4      | Found the +9 staff of Olgreb {rPois∞}
  2992 | D:4      | Found Plog's Assorted Antiques.
  3047 | D:4      | Found a basalt altar of Yredelemnul.
  3125 | D:4      | Found a white marble altar of Elyvilon.
  3162 | D:4      | Got a steaming robe
  3173 | D:4      | Identified the +1 robe of Sykiploin {*Corrode Dex+3} (You
                  | found it on level 4 of the Dungeon)
  3534 | D:5      | Entered Level 5 of the Dungeon
  3534 | D:5      | Noticed Blork the orc
  3548 | D:5      | Killed Blork the orc
  3613 | D:5      | Found an ancient bone altar of Kikubaaqudgha.
  3613 | D:5      | Found a broken altar of Ashenzari.
  3651 | D:5      | Reached XP level 7. HP: 11/67 MP: 6/6
  3869 | D:5      | Found a runed translucent door.
  3874 | D:5      | Noticed snackwell's ghost (novice DrIE)
  3885 | D:5      | Reached skill level 6 in Unarmed Combat
  3892 | D:5      | Killed snackwell's ghost
  3893 | D:5      | Reached skill level 5 in Dodging
  4015 | D:5      | Reached XP level 8. HP: 78/78 MP: 7/7
  4040 | D:5      | Noticed Eustachio
  4070 | D:5      | Killed Eustachio
  4090 | D:5      | Reached skill level 7 in Unarmed Combat
  4366 | D:5      | Found an opulent altar of Gozag.
  4835 | D:6      | Reached skill level 8 in Unarmed Combat
  4851 | D:6      | Reached **** piety under Trog
  4869 | D:6      | Reached skill level 5 in Fighting
  4869 | D:6      | Reached XP level 9. HP: 76/88 MP: 8/8
  5184 | D:6      | Found a staircase to the Ecumenical Temple.
  5824 | D:7      | Found Weoshras's Antique Armour Shop.
  5852 | D:7      | Reached skill level 9 in Unarmed Combat
  6224 | D:8      | Found a glowing golden altar of the Shining One.
  6403 | D:8      | Found an iron altar of Okawaru.
  6457 | D:8      | Noticed Joseph
  6471 | D:8      | Killed Joseph
  6472 | D:8      | Reached XP level 10. HP: 97/97 MP: 9/9
  6521 | D:8      | Reached skill level 10 in Unarmed Combat
  6561 | D:8      | Reached ***** piety under Trog
  6805 | D:8      | Found an ornate altar of the Wu Jian Council.
  7035 | D:8      | Noticed Prince Ribbit
  7044 | D:8      | Killed Prince Ribbit
  7229 | D:8      | Found a sacrificial altar of Ru.
  7338 | D:9      | Noticed Pikel
  7351 | D:9      | Killed Pikel
  7461 | D:9      | Noticed a two-headed ogre
  7462 | D:9      | Found a snail-covered altar of Cheibriados.
  7477 | D:9      | Killed a two-headed ogre
  7478 | D:9      | Reached skill level 11 in Unarmed Combat
  7536 | D:9      | Reached XP level 11. HP: 78/107 MP: 10/10
  7761 | D:9      | Noticed an obsidian statue
  7801 | D:9      | HP: 5/163 [red devil/+1 demon trident of freezing[an
                  | obsidian statue] (21)]
  7801 | D:9      | Mangled by a red devil

Illustrated notes

Levels and vault maps discovered:
D:1:      zaba_arrival_water, layout_loops_cross, minmay_misc_feat_secret_circle
D:2:      layout_basic, nicolae_ru_path_of_blood, general_overflow_altar
D:3:      layout_basic, minmay_cut_off, uniq_natasha
D:4:      layout_gridville, lemuel_crystal_altar,
          nicolae_overflow_crystal_walls, serial_shops, shop,
          kennysheep_big_empty_room, kennysheep_generic_room_14
D:5:      layout_gridville, lemuel_round_altar, gammafunk_temple_overflow_wave,
          ebering_ghost_sewer_d, minmay_ogre_servants, uniq_blork_the_orc,
          uniq_eustachio
D:6:      layout_loops_ring, minmay_temple_entry_from_below_a, serial_undead,
          serial_undead_c, serial_undead_c, serial_undead_f, serial_undead_a,
          st_stairs_4, corexii_leaking_fountain, minmay_misc_feat_hallway
D:7:      layout_basic, serial_shops, shop_fountains
D:8:      minmay_four_partial_circles, layout_loops_ring, lemuel_crystal_altar,
          kennysheep_little_box, lemuel_coloured_pillars_altar, basic_altar,
          palyth_stone_intersect, uniq_prince_ribbit1, uniq_joseph
D:9:      layout_rooms, grunt_temple_overflow_forces_of_nature, slow_altar_1,
          minmay_protected_statue, uniq_pikel

Skill      XL: |  1  2  3  4  5  6  7  8  9 10 11 |
---------------+----------------------------------+-----
Dodging        | 3 4 5 6 8 9 |  9.6
Unarmed Combat | 4 5 6 8 9 11 | 11.3
Fighting       | 3 4 5 6 7 |  7.0

Action                   |  1- 3 |  4- 6 |  7- 9 | 10-12 || total
-------------------------+-------+-------+-------+-------++-------
Melee: Unarmed           |    81 |   149 |   333 |   190 ||   753
       Punch             |     2 |     1 |     9 |    15 ||    27
Invok: Berserk           |       |     3 |     6 |     1 ||    10
  Use: Potion            |       |       |     2 |     6 ||     8
 Stab: Sleeping          |     1 |     1 |     3 |       ||     5
Armor: Animal skin       |    32 |    47 |       |       ||    79
       Robe              |       |     1 |    91 |    56 ||   148
Dodge: Dodged            |    43 |    92 |   319 |   185 ||   639
Block: Other             |       |     3 |    96 |    57 ||   156

Table legend: (Time is in decaauts)
 A = Elapsed time spent in this place.
 B = Non-inter-level travel time spent in this place.
 C = Inter-level travel time spent in this place.
 D = Time resting spent in this place.
 E = Time spent auto-exploring this place.
 F = Levels seen in this place.
 G = Mean time per level.
                   A        B        C        D        E       F      G
               +--------+--------+--------+--------+--------+-----+--------+
         Total |   7760 |   7487 |    273 |    461 |   5058 |   9 |  862.2 |
       Dungeon |   7760 |   7487 |    273 |    461 |   5058 |   9 |  862.2 |
               +--------+--------+--------+--------+--------+-----+--------+

Top non-repeatable levels by time:
     D:3: 1229 daAuts
     D:5: 1173 daAuts
     D:8: 1156 daAuts
     D:4: 987 daAuts
     D:6: 814 daAuts
     D:1: 708 daAuts
     D:7: 626 daAuts
     D:2: 622 daAuts
     D:9: 442 daAuts
